 Dungeon Crawl Stone Soup version 0.30-a0-859-gf88a04b62d (webtiles) character file.

Game seed: 12864549755670998747

120 Demosthentine the Ducker (level 4, -3/35 HPs)
             Began as a Demonspawn Gladiator on Mar 7, 2023.
             Slain by Grinder (9 damage)
             ... while paralysed by Grinder
             ... on level 3 of the Dungeon.
             The game lasted 00:02:05 (1831 turns).

Demosthentine the Ducker (Demonspawn Gladiator)     Turns: 1831, Time: 00:02:05

Health: -3/35      AC:  4    Str: 16    XL:     4   Next: 75%
Magic:  4/4        EV:  2    Int: 10    God:
Gold:   120        SH:  0    Dex: 14    Spells: 3/3 levels left

rFire   + . .      SeeInvis .    a - +0 trident
rCold   + . .      Faith    .    (no shield)
rNeg    . . .      Spirit   .    b - +0 leather armour
rPois   +          Reflect  .    c - +0 helmet
rElec   +          Rampage  .    (no cloak)
rCorr   +                        (no gloves)
Will    .....                    (no boots)
Stlth   +                        (no amulet)
HPRegen 0.25/turn                (no ring)
MPRegen 0.18/turn                (no ring)

@: paralysed, resistant
A: magic regeneration, weakness stinger 1
a: no special abilities


You were on level 3 of the Dungeon.
You visited 1 branch of the dungeon, and saw 3 of its levels.

You collected 120 gold pieces.

Inventory:

Hand Weapons
 a - a +0 trident (weapon)
Missiles
 d - 3 throwing nets (quivered)
 e - a javelin
Armour
 b - a +0 leather armour (worn)
 c - a +0 helmet (worn)
Jewellery
 l - a ring of protection from cold
 m - a ring of see invisible
Wands
 f - a wand of flame (20)
Scrolls
 g - a scroll of identify
 n - a scroll of vulnerability {unknown}
 o - a scroll of blinking {unknown}
 p - a scroll of teleportation
Potions
 h - a potion of mutation
 i - a potion of magic


   Skills:
 + Level 3.0 Fighting
 + Level 3.4 Polearms
 - Level 1.7 Throwing
 + Level 1.8 Armour
 + Level 3.4 Dodging


You had 3 spell levels left.
You didn't know any spells.
Your spell library contained the following spells:

 Spells                   Type           Power      Damage    Failure   Level
 Freeze                   Ice            0%         1d3       43%         1
 Frozen Ramparts          Ice            0%         1d1       80%         3
 Hailstorm                Conj/Ice       0%         3d3       80%         3


Dungeon Overview and Level Annotations

Branches:
Dungeon (3/15)

Altars:

Annotations:
D:3 Grinder


Innate Abilities, Weirdness & Mutations

You regenerate magic rapidly.
You have a small tail.


Message History

A goblin is nearby!
You closely miss the goblin. The goblin hits you but does no damage.
You puncture the goblin!
You kill the goblin!
Grinder comes into view.
Grinder shouts!
Grinder is nearby!
Grinder is nearby!
You reach to attack!
You closely miss Grinder.
Grinder is nearby!
You closely miss Grinder. Grinder hits you!
You writhe in agony.
You puncture Grinder!
Grinder is lightly wounded.
Grinder barely misses you.
Okay, then.
You puncture Grinder!
Grinder is moderately wounded.
Grinder hits you.
You writhe in agony.
You puncture Grinder!
Grinder is heavily wounded.
Grinder gestures at you. You resist with significant effort.
You hit Grinder. You tail-slap Grinder.
Grinder is severely wounded.
Grinder hits you!
You writhe in agony.
* * * LOW HITPOINT WARNING * * *
It was a potion of cancellation.
You feel magically purged. Grinder closely misses you.
It was a potion of resistance.
You feel protected. Grinder gestures at you.
You barely resist. You barely miss Grinder.
Grinder is severely wounded.
Grinder gestures at you.
You suddenly lose the ability to move!
Grinder hits you.
* * * LOW HITPOINT WARNING * * *
Grinder hits you!
You die...

# #### ...#
.#.###############
.#...............#
...#############.#
##.####### #.#
#.......# #.#
#######.# #@# #.#
#5# #.# #.# #.#
#.. #.# #.# #.#
... #.# ### #.#
#<#


You could see Grinder.

Vanquished Creatures
  Robin (D:3)
  5 adders
  3 worms
  2 dart slugs
  3 ball pythons
  A bat (D:3)
  A giant cockroach (D:1)
  15 hobgoblins
  2 jackals (D:3)
  2 frilled lizards
  7 goblins
  4 kobolds
  5 rats
51 creatures vanquished.

Notes
Turn   | Place    | Note
-------+----------+-------------------------------------------
     0 | D:1      | Demosthentine the Demonspawn Gladiator began the quest for
                  | the Orb.
     0 | D:1      | Reached XP level 1. HP: 16/16 MP: 1/1
   311 | D:1      | Gained mutation: You have a small tail. [demonic ancestry]
   311 | D:1      | Reached XP level 2. HP: 21/22 MP: 2/2
   530 | D:1      | Found a faded altar of an unknown god.
   698 | D:2      | Reached skill level 1 in Armour
   757 | D:2      | Gained mutation: You regenerate magic rapidly. [demonic
                  | ancestry]
   757 | D:2      | Reached XP level 3. HP: 24/28 MP: 3/3
  1022 | D:2      | Reached XP level 4. HP: 23/34 MP: 4/4
  1696 | D:3      | Noticed Robin
  1723 | D:3      | Killed Robin
  1818 | D:3      | Noticed Grinder
  1829 | D:3      | Paralysed by Grinder for 5 turns
  1831 | D:3      | Slain by Grinder

Illustrated notes

Levels and vault maps discovered:
D:1:      beargit_arrival_greenhouse, layout_basic,
          ebering_ecumenical_altar_sacrificial
D:2:      layout_basic, glass_columns_a
D:3:      layout_loops_ring, chei_slow_surprise,
          pdpol_wu_jian_five_deadly_venoms, kennysheep_generic_room_4,
          uniq_robin, uniq_jessica, uniq_grinder

Skill      XL: |  1  2  3  4 |
---------------+-------------+-----
Polearms       | 3 |  3.4
Armour         | 1 |  1.8
Dodging        | 3 |  3.4
Fighting       | 3 |  3.0
Throwing       | |  1.7

Action                     |  1- 3 |  4- 6 || total
---------------------------+-------+-------++-------
  Melee: Trident           |   111 |    88 ||   199
         Tailslap          |     7 |     6 ||    13
         Punch             |     1 |     1 ||     2
    Use: Scroll            |     2 |     2 ||     4
         Potion            |       |     2 ||     2
   Stab: Sleeping          |       |     2 ||     2
 Armour: Leather armour    |    26 |    23 ||    49
  Dodge: Dodged            |    62 |    41 ||   103

Table legend: (Time is in decaauts)
 A = Elapsed time spent in this place.
 B = Non-inter-level travel time spent in this place.
 C = Inter-level travel time spent in this place.
 D = Time resting spent in this place.
 E = Time spent auto-exploring this place.
 F = Levels seen in this place.
 G = Mean time per level.
                   A        B        C        D        E       F      G
               +--------+--------+--------+--------+--------+-----+--------+
         Total |   1860 |   1814 |     46 |      0 |   1430 |   3 |  620.0 |
       Dungeon |   1860 |   1814 |     46 |      0 |   1430 |   3 |  620.0 |
               +--------+--------+--------+--------+--------+-----+--------+

Top non-repeatable levels by time:
     D:2: 829 daAuts
     D:1: 564 daAuts
     D:3: 466 daAuts
